Map: 포트 알렉산더 - 래더

Players

IIIIIIIIIII

  • Race: Protoss Protoss
  • League: Master
  • Spawn Location: 11:00

Dream - Winner!

  • Race: Terran Terran
  • Spawn Location: 5:00

VOD

Have the link to the VOD?

Description

Time

  • Played on: May 7, 2019, 6:26 a.m.
  • Length: 7:58
Show
View Real Time Build Order
Export as new Build Order

IIIIIIIIIII Protoss 

Build Orders: 1 Gate Expand, Colossus Rush 

Get SALT Encoding   

  12  0:01  Probe  
  13  0:13  Probe  
  14  0:18  Pylon  
  14  0:23  Probe  
  15  0:32  Probe  
  15  0:37  Gateway  
  15  0:40  Probe  
  16  0:46  Assimilator  
  17  0:52  Probe  
  18  1:04  Probe  
  19  1:16  Probe  
  20  1:24  Cybernetics Core  
  20  1:35  Nexus  
  20  1:43  Pylon  
  20  1:44  Probe  
  21  1:48  Assimilator  
  21  1:51  Adept  
  21  1:56  Probe  
  21  2:01  Warp Gate  
  24  2:08  Probe  
  25  2:19  Robotics Facility  
  25  2:21  Probe  
  26  2:27  Stalker  
  28  2:33  Probe  
  29  2:45  Probe  
  29  2:47  Probe  
  31  2:55  Gateway  
  31  2:57  Probe  
  32  2:59  Gateway  
  32  3:02  Warp Prism  
  31  3:05  Probe  
  31  3:09  Probe  
  32  3:18  Probe  
  35  3:21  Probe  
  35  3:25  Pylon  
  36  3:30  Probe  
  36  3:31  Observer  
  36  3:34  Probe  
  39  3:42  Probe  
  39  3:46  Probe  
  41  3:54  Stalker x3  
  47  3:56  Probe  
  47  3:58  Probe  
  49  4:03  Assimilator  
  49  4:05  Assimilator  
  49  4:08  Probe  
  50  4:15  Pylon  
  50  4:17  Robotics Bay  
  50  4:23  Stalker  
  50  4:24  Stalker  
  54  4:33  Probe x2  
  56  4:45  Probe  
  57  4:52  Probe  
  58  4:57  Probe, Gravitic Drive  
  58  4:59  Disruptor  
  59  5:04  Probe  
  58  5:09  Probe, Observer  
  58  5:13  Pylon  
  62  5:18  Pylon  
  62  5:19  Colossus  
  62  5:21  Pylon  
  62  5:26  Twilight Council  
  62  5:28  Forge  
  62  5:31  Probe  
  69  5:40  Nexus  
  69  5:43  Pylon  
  69  5:45  Sentry x2  
  73  5:51  Probe, Pylon  
  73  5:53  Probe  
  75  5:59  Probe  
  75  6:01  Colossus  
  76  6:07  Probe  
  76  6:08  Probe  
  77  6:16  Charge  
  84  6:23  Gateway  
  84  6:25  Gateway  
  84  6:29  Gateway  
  84  6:30  Probe x2  
  86  6:33  Observer  
  86  6:42  Probe x2  
  86  6:43  Colossus  
  88  6:49  Zealot, Sentry  
  88  6:50  Zealot  
  94  6:54  Probe  
  94  6:56  Pylon  
  101  7:07  Pylon  
  101  7:10  Zealot  
  103  7:21  Zealot x4  
  84  7:39  Zealot x2  
  84  7:41  Zealot x4  
Show
View Real Time Build Order
Export as new Build Order

Dream Terran - Winner!

Build Orders: Reaper Expand 

Get SALT Encoding   

  12  0:00  SCV  
  13  0:12  SCV  
  14  0:18  Supply Depot  
  14  0:24  SCV  
  15  0:39  SCV  
  15  0:41  Barracks  
  16  0:46  Refinery  
  16  0:51  SCV  
  17  1:03  SCV  
  18  1:16  SCV  
  19  1:28  Orbital Command  
  19  1:29  Reaper  
  20  1:41  Command Center  
  20  1:50  Supply Depot  
  20  1:54  SCV  
  21  2:01  Marine  
  21  2:06  Factory  
  22  2:10  SCV  
  23  2:16  Bunker  
  23  2:22  SCV  
  24  2:23  Barracks Reactor  
  24  2:27  Refinery  
  24  2:34  SCV  
  25  2:46  SCV  
  25  2:51  Factory Tech Lab  
  26  2:52  Orbital Command  
  26  2:59  SCV  
  26  3:00  Marine  
  26  3:02  Marine  
  29  3:12  Cyclone  
  31  3:13  SCV  
  31  3:18  Marine  
  31  3:19  SCV  
  34  3:20  Starport  
  34  3:21  Marine  
  34  3:26  SCV  
  36  3:31  SCV  
  37  3:36  Marine  
  37  3:38  SCV  
  37  3:39  Marine  
  40  3:41  Supply Depot  
  40  3:43  SCV  
  41  3:50  SCV, Siege Tank  
  41  3:54  Supply Depot, Marine  
  46  4:02  Marine  
  46  4:03  Viking, SCV x2  
  51  4:12  Marine  
  51  4:15  SCV x2  
  51  4:16  Supply Depot  
  54  4:22  Siege Tank  
  54  4:24  Marine  
  57  4:27  SCV x2  
  57  4:30  Supply Depot, Marine  
  61  4:32  Engineering Bay  
  59  4:40  SCV x2  
  59  4:44  Starport Tech Lab  
  61  4:46  Refinery, Barracks  
  61  4:47  Barracks  
  61  4:48  Refinery  
  61  4:52  Marine x2  
  63  4:56  SCV x2  
  65  5:02  Supply Depot  
  65  5:06  Factory Reactor  
  65  5:07  Supply Depot, Terran Infantry Weapons Level 1  
  65  5:09  SCV x2  
  65  5:10  Marine x2  
  69  5:16  Supply Depot  
  69  5:21  SCV, Starport Reactor  
  70  5:27  Marine  
  70  5:28  Supply Depot, Marine  
  72  5:29  SCV  
  72  5:33  SCV  
  74  5:41  Marauder x2, Stimpack, Combat Shield  
  78  5:43  SCV  
  78  5:48  SCV  
  78  5:49  Widow Mine x2, Marine  
  84  5:51  Marine  
  86  5:58  Medivac x2  
  86  6:00  Supply Depot  
  90  6:08  Marauder x2  
  91  6:13  SCV x2  
  91  6:15  Marine x2  
  95  6:21  Widow Mine x2  
  95  6:24  Supply Depot  
  99  6:27  Supply Depot  
  99  6:28  Supply Depot  
  99  6:30  Medivac x2  
  103  6:36  Marauder  
  103  6:39  Marauder, Marine  
  108  6:40  Marine  
  109  6:50  Widow Mine x2  
  109  6:52  Supply Depot x2  
  113  6:58  Marine x2  
  113  7:00  Marauder x2, Concussive Shells  
  119  7:09  Medivac x2  
  123  7:23  Marauder, Marine x2  
  123  7:24  Marauder  
  129  7:30  SCV x2  
  129  7:37  Widow Mine x2  
  116  7:40  Command Center  
  111  7:45  SCV x2  
Tags
 
Add a new tag
Caveats
  • Supply blocks, unpowered buildings, or Contaminate may cause inaccurate times.
  • Supply counts are checked every 10 seconds.